 Dungeon Crawl Stone Soup version 0.30-a0-778-g2ef04afb54 (webtiles) character file.

Game seed: 3145482338262115527

105 Pimp the Ducker (level 5, 0/39 HPs)
             Began as a Djinni Gladiator on Feb 16, 2023.
             Slain by Ijyb
             ... wielding a +0 club
              (6 damage)
             ... on level 3 of the Dungeon.
             The game lasted 00:04:18 (1870 turns).

Pimp the Ducker (Djinni Gladiator)                  Turns: 1870, Time: 00:04:19

Health: 0/39       AC: 11    Str: 13    XL:     5   Next: 8%
Gold:   102        EV: 13    Int: 10    God:
                   SH:  0    Dex: 16

rFire   + + .      SeeInvis .    p - +2 halberd (protect)
rCold   x . .      Faith    .    (shield currently unavailable)
rNeg    . . .      Spirit   .    b - +0 leather armour
rPois   ∞          Reflect  .    c - +0 helmet
rElec   .          Harm     .    (no cloak)
rCorr   .          Rampage  .    (no gloves)
Will    .....                    (boots unavailable)
Stlth   ++                       (no amulet)
HPRegen 0.26/turn                v - ring of wizardry
MPRegen 0.00/turn                (no ring)

@: under a protective aura, flying
A: sickness immunity, fire resistance 2, cold vulnerability 1, float, innate
caster, HP casting, extra vitality 1
a: no special abilities


You were on level 3 of the Dungeon.
You visited 1 branch of the dungeon, and saw 3 of its levels.

You collected 102 gold pieces.

Inventory:

Hand Weapons
 a - a +0 long sword
 p - a +2 halberd of protection (weapon)
Missiles
 d - a throwing net
 e - 4 javelins (quivered)
 n - 3 curare-tipped darts
 q - 4 boomerangs
Armour
 b - a +0 leather armour (worn)
 c - a +0 helmet (worn)
Jewellery
 v - a ring of wizardry (left hand)
Scrolls
 g - 2 scrolls of blinking {unknown}
 k - 5 scrolls of identify {unknown}
 l - 2 scrolls of noise {unknown}
 o - 2 scrolls of immolation {unknown}
 s - 3 scrolls of teleportation {unknown}
Potions
 f - a potion of magic {unknown}
 h - 2 potions of brilliance {unknown}
 i - a potion of haste {unknown}
 j - 2 potions of degeneration {unknown}
 m - 3 potions of curing {unknown}
 r - a potion of mutation {unknown}
 t - a potion of berserk rage {unknown}
 u - a potion of attraction {unknown}


   Skills:
 + Level 2.4 Fighting
 + Level 3.4 Long Blades
 + Level 0.2 Polearms
 + Level 1.8 Throwing
 + Level 1.1 Armour
 + Level 4.0 Dodging
 + Level 1.0 Stealth
 * Level 0.1 Spellcasting


You had one spell level left.
You knew the following spells:

 Your Spells              Type           Power      Damage    Failure   Level
a - Magic Dart            Conj           0%         1d3       17%         1
b - Scorch                Fire           0%         2d5       26%         2
Your spell library was empty.

Dungeon Overview and Level Annotations

Branches:
Dungeon (3/15)

Altars:

Annotations:
D:3 Ijyb


Innate Abilities, Weirdness & Mutations

You are immune to sickness and miasma.
You are immune to poison.
Your flesh is very heat resistant. (rF++)
You are vulnerable to cold. (rC-)
You float through the air rather than walking.
You learn spells naturally, not from books.
Your magical power is your life essence.
You have superior vitality. (+4 MHP)


Message History

The goblin hits you with a +0 club. The goblin hits you but does no damage.
Ijyb zaps a wand.
You resist with some effort.
The now-empty wand crumbles to dust.
The goblin hits you with a +0 dagger of holy wrath.
The goblin closely misses you. Ijyb barely misses you.
You hit Ijyb.
Ijyb is heavily wounded.
The goblin closely misses you. Ijyb hits you but does no damage.
The goblin hits you but does no damage.
You hit Ijyb but do no damage.
Ijyb is heavily wounded.
The goblin closely misses you. x2; Ijyb hits you but does no damage.
You closely miss Ijyb.
Ijyb is heavily wounded.
The goblin barely misses you. The goblin completely misses you.
Ijyb hits you with a +0 club. The goblin hits you but does no damage.
The goblin hits you with a +0 club. Ijyb hits you but does no damage.
You barely miss Ijyb.
Ijyb is heavily wounded.
The goblin closely misses you.
The goblin hits you with a +0 dagger of holy wrath.
Ijyb screams, "No!
No, no, no, no!"
Ijyb hits you but does no damage.
You barely miss Ijyb.
Ijyb is heavily wounded.
The goblin hits you but does no damage. x2; Ijyb misses you.
The goblin hits you with a +0 dagger of holy wrath.
The goblin hits you with a +0 club.
* * * LOW HITPOINT WARNING * * *
Ijyb hits you with a +0 club.
* * * LOW HITPOINT WARNING * * *
You puncture Ijyb!
Your weapon exudes an aura of protection.
Ijyb is almost dead.
The goblin closely misses you. The goblin misses you.
Ijyb hits you but does no damage.
You barely miss Ijyb.
Ijyb is almost dead.
The goblin hits you but does no damage. x2; Ijyb hits you with a +0 club.
You die...

#≈≈..#...#.....#...#
#≈≈..#...#.....#...#
#≈≈..#...#.....#...#
#≈≈..##'##.)...##'##
#≈≈...#....†.......#
#≈≈...#....))......#
#≈≈...##########...#
#≈≈#####.....g.#...#
#≈≈# +...g@..'...#
#≈≈# #....g..'...#
#### #############


You could see Ijyb and 2 goblins.

Vanquished Creatures
  4 gnolls (D:2)
  An adder (D:2)
  2 worms (D:2)
  An orc (D:3)
  3 bats
  5 endoplasms
  A giant cockroach (D:1)
  8 goblins
  3 hobgoblins
  3 jackals (D:3)
  A quokka (D:1)
  4 ball pythons
  3 frilled lizards
  6 kobolds
  7 rats
52 creatures vanquished.

Notes
Turn   | Place    | Note
-------+----------+-------------------------------------------
     0 | D:1      | Pimp the Djinni Gladiator began the quest for the Orb.
     0 | D:1      | Reached XP level 1. HP: 18/18 MP: 0/0
   148 | D:1      | Reached XP level 2. HP: 20/23 MP: 0/0
   705 | D:2      | Reached XP level 3. HP: 25/28 MP: 0/0
   705 | D:2      | Learned a level 1 spell: Magic Dart
   934 | D:2      | Reached XP level 4. HP: 25/34 MP: 0/0
   937 | D:2      | Reached skill level 1 in Armour
   937 | D:2      | Reached skill level 4 in Dodging
  1372 | D:2      | Found a faded altar of an unknown god.
  1528 | D:3      | Reached skill level 1 in Stealth
  1761 | D:3      | Reached XP level 5. HP: 34/39 MP: 0/0
  1761 | D:3      | Learned a level 2 spell: Scorch
  1852 | D:3      | Noticed Ijyb
  1854 | D:3      | Paralysed by Ijyb for 2 turns
  1857 | D:3      | Paralysed by Ijyb for 3 turns
  1870 | D:3      | Slain by Ijyb

Illustrated notes

Levels and vault maps discovered:
D:1:      lemuel_arrival_lava_pool, layout_basic,
          nicolae_concentric_dashed_squares_wild, minmay_pentomino_z2
D:2:      layout_loops_ring, shapermc_ecumenical_altar_pompeii
D:3:      kennysheep_goblin_castle, layout_basic,
          nicolae_overflow_hidden_temple, corexii_leaking_fountain

Skill      XL: |  1  2  3  4 |
---------------+-------------+-----
Long Blades    | 3 |  3.4
Armour         | 1 |  1.1
Dodging        | 4 |  4.0
Stealth        | 1 |  1.0
Fighting       | |  2.4
Polearms       | |  0.2
Throwing       | |  1.8
Spellcasting   | |  0.1

Action                     |  1- 3 |  4- 6 || total
---------------------------+-------+-------++-------
  Melee: Long sword        |    46 |     2 ||    48
         Halberd           |       |    49 ||    49
  Throw: Dart              |     3 |       ||     3
         Throwing net      |     1 |     2 ||     3
         Javelin           |       |     3 ||     3
   Cast: Scorch            |       |     1 ||     1
   Stab: Sleeping          |     3 |     4 ||     7
 Armour: Leather armour    |    11 |    39 ||    50
  Dodge: Dodged            |    34 |    58 ||    92

Table legend: (Time is in decaauts)
 A = Elapsed time spent in this place.
 B = Non-inter-level travel time spent in this place.
 C = Inter-level travel time spent in this place.
 D = Time resting spent in this place.
 E = Time spent auto-exploring this place.
 F = Levels seen in this place.
 G = Mean time per level.
                   A        B        C        D        E       F      G
               +--------+--------+--------+--------+--------+-----+--------+
         Total |   1906 |   1796 |    110 |      0 |   1348 |   3 |  635.3 |
       Dungeon |   1906 |   1796 |    110 |      0 |   1348 |   3 |  635.3 |
               +--------+--------+--------+--------+--------+-----+--------+

Top non-repeatable levels by time:
     D:2: 817 daAuts
     D:1: 708 daAuts
     D:3: 380 daAuts
